cohdb
Replays
Latest Replays
All Replays
Popular Replays
Top Player Replays
Match Explorer
How It Works
Community
CoH3 Stats
Reddit
Sign in to upload your games and track your stats! →
Sign in with Steam
Match 45218504
Unlisted
Match 45218504
Overview
Messages
Build Orders
End
Construct Weapon Support Center
Engineer Squad
M1919 Machine Gun Team
Bazooka Squad
Scout Squad
Selects Airborne Battlegroup
Selects Pathfinders
Infantry Support Center
Selects Paratrooper Squad Paradrop
Paratrooper Squad Paradrop
Survival Training
M3 Armored Personnel Carrier
Advanced Logistics
Paratrooper Squad Paradrop
Selects Anti-tank Gun Team Paradrop
Sniper
Sniper
Selects Recon Loiter
Recon Loiter
Tatari◑。
gr8vibezZ
TheGreatone
Seraphina
0
0
Comments
sign in to comment!
No comments posted yet!